AoeStats
← Blyad _Mann

Black Forest

508663835Analyzed
4v4 RM · 8d ago on Sep 23, 2026· 33m 29s· 8 players
Game mode
Random Map
Map size
Large (8 player)
Population
200
Speed
Normal
Resources
Standard
Victory
Conquest
Starting age
Dark Age
Ending age
Imperial Age
RankedLock teamsTeams togetherTeam positionsShared explorationLock speedFull tech treeHidden civsTurbo modeCheats
Victory
Defeat
🇹🇼 Varangians · Taiwan
1003
+15
🇵🇪 Hindustanis · Peru
980
+16
🇳🇱 Danes · Netherlands
978
+16
🇬🇧 Tupi · United Kingdom
965
+15
🇨🇳 Huns · China
983
-16
🇨🇳 Franks · China
978
-16
🇨🇳 Slavs · China
965
-15
🇨🇳 Persians · China
958
-15
卢本伟
3:38 Loom
11:12 Feudal Age
15:50 Castle Age
14:58 Horse Collar
15:07 Double-Bit Axe
23:13 Stone Mining
24:21 Fishing Lines
25:18 Gold Mining
27:05 Wheelbarrow
27:09 Gold Shaft Mining
29:14 Imperial Age
27:42 Gillnets
28:21 Hand Cart
28:12 Heavy Plow
28:24 Forging
28:19 Scale Barding Armor
28:29 Bow Saw
29:50 Stone Shaft Mining
30:45 Crop Rotation
31:15 Iron Casting
31:01 Chain Barding Armor
lingluo
0:27 Loom
11:14 Feudal Age
18:13 Double-Bit Axe
18:10 Horse Collar
23:16 Castle Age
23:14 Gold Mining
23:17 Stone Mining
25:04 Gold Shaft Mining
28:01 Heavy Plow
28:14 Bow Saw
29:01 Caravan
30:33 Forging
30:25 Scale Mail Armor
31:16 Wheelbarrow
31:50 Iron Casting
岡門偏佐
0:27 Loom
12:25 Feudal Age
18:23 Castle Age
16:53 Gold Mining
18:16 Bloodlines
18:02 Fishing Lines
21:10 Wheelbarrow
21:28 Scale Barding Armor
21:50 Forging
23:52 Horse Collar
26:20 Double-Bit Axe
29:04 Pikeman
小鱼儿
0:34 Loom
11:14 Feudal Age
17:04 Castle Age
16:09 Double-Bit Axe
25:06 Bow Saw
33:34 Imperial Age
Blyad _Mann
0:30 Loom
14:25 Feudal Age
14:36 Feudal Age
15:21 Double-Bit Axe
15:53 Horse Collar
16:51 Stone Mining
16:41 Man-at-Arms
17:10 Arson
22:15 Castle Age
20:12 Gold Mining
20:43 Fletching
21:57 Scale Mail Armor
22:07 Forging
24:30 Fletching
28:21 Bow Saw
30:10 Gold Shaft Mining
30:06 Squires
31:39 Wheelbarrow
34:39 Iron Casting
34:19 Chain Mail Armor
Hopsie7806
13:39 Feudal Age
18:08 Castle Age
18:03 Horse Collar
18:11 Double-Bit Axe
18:35 Stone Mining
19:16 Heavy Plow
21:08 Bow Saw
20:52 Gold Mining
24:19 Gold Shaft Mining
26:02 Forging
25:52 Scale Mail Armor
25:46 Fletching
25:56 Padded Archer Armor
25:58 Scale Mail Armor
28:46 Bodkin Arrow
29:06 Leather Archer Armor
29:15 Leather Archer Armor
30:55 Wheelbarrow
30:05 Loom
31:25 Chain Mail Armor
36:00 Imperial Age
台南人
1:47 Loom
12:07 Feudal Age
17:16 Castle Age
15:25 Double-Bit Axe
16:46 Horse Collar
17:32 Fishing Lines
19:43 Bow Saw
20:57 Gillnets
22:33 Wheelbarrow
21:48 Town Watch
23:17 Stone Mining
25:27 Heavy Plow
26:49 Gold Mining
29:20 Hand Cart
29:49 Stone Shaft Mining
30:26 Vendel Legacy
31:12 Squires
30:58 Gambesons
30:58 Arson
32:58 Bloodlines
32:48 Husbandry
32:50 Man-at-Arms
32:51 Pikeman
33:46 Forging
33:43 Scale Barding Armor
33:39 Scale Mail Armor
33:12 Light Cavalry
El Bicho AEA-99
10:37 Feudal Age
11:01 Horse Collar
17:32 Castle Age
15:54 Double-Bit Axe
16:38 Gold Mining
18:48 Wheelbarrow
19:27 Heavy Plow
21:52 Loom
31:26 Imperial Age
30:02 Bow Saw
30:52 Forging
30:43 Scale Mail Armor
31:56 Gold Shaft Mining
31:42 Hand Cart
33:25 Chemistry
33:30 Grand Trunk Road
33:50 Town Watch
Connection lost

Rejoining the realm…

Still unreachable

The connection could not be restored.

Session expired

The server has moved on; the page needs a fresh start.